 Dungeon Crawl Stone Soup version 0.28.0-53-g5a82cb258f (webtiles) character file.

Game seed: 12730054598115587974

11420 cbfl8 the Severer (level 11, 0/148 HPs)
             Began as a Minotaur Berserker on Aug 27, 2022.
             Was a High Priest of Trog.
             Slain by a meliai
             ... wielding a +0 hand axe
              (3 damage)
             ... on level 10 of the Dungeon.
             The game lasted 00:13:25 (11835 turns).

cbfl8 the Severer (Minotaur Berserker)             Turns: 11835, Time: 00:13:26

Health: 0/148      AC: 16    Str: 27    XL:     11   Next: 49%
Magic:  10/10      EV: 12    Int:  4    God:    Trog [*****.]
Gold:   605        SH:  0    Dex: 16    Spells: 10/10 levels left

rFire   . . .      SeeInvis +   I - +1 battleaxe (vamp)
rCold   . . .      Faith    .   (shield currently unavailable)
rNeg    . . .      Spirit   .   m - +1 chain mail of the Wilderness {rPois Str+4 Dex+3 SInv}
rPois   +          Reflect  .   (helmet restricted)
rElec   .          Harm     .   F - scarf {repulsion}
rCorr   .          Rampage  .   a - +0 pair of gloves
Will    .....                   H - +2 pair of boots {Stlth+}
Stlth   ..........              (no amulet)
HPRegen 0.34/turn               D - +4 ring of slaying
MPRegen 0.12/turn               K - ring of flight

@: berserking (expiring), lethally poisoned (0 -> -3), flying, repel missiles,
very quick
A: horns 2, retaliatory headbutt
a: Renounce Religion, Berserk, Trog's Hand, Brothers in Arms


You were on level 10 of the Dungeon.
You worshipped Trog.
Trog was extremely pleased with you.
You visited 1 branch of the dungeon, and saw 10 of its levels.
You also visited: Ossuary and Bailey.

You collected 707 gold pieces.
You spent 102 gold pieces at shops.

Inventory:

Hand Weapons
 I - a +1 vampiric battleaxe (weapon)
Missiles
 u - a throwing net (quivered)
Armour
 a - a +0 pair of gloves (worn)
 m - the +1 chain mail of the Wilderness (worn) {rPois Str+4 Dex+3 SInv}
   (You found it on level 3 of the Dungeon)

   Str:       It affects your strength (+4).
   Dex:       It affects your dexterity (+3).
   rPois:     It protects you from poison.
   SInv:      It lets you see invisible.
 y - a +2 cloak
 F - a scarf of repulsion (worn)
 H - a +2 pair of boots of stealth (worn)
Jewellery
 l - a ring of positive energy
 v - a ring of ice
 C - a +4 ring of protection
 D - a +4 ring of slaying (left hand)
 E - a +6 ring of strength
 K - a ring of flight (right hand)
 P - a ring of positive energy
Wands
 b - a wand of acid (12)
 G - a wand of charming (12)
 O - a wand of iceblast (2)
Scrolls
 k - a scroll of blinking
 o - a scroll of summoning
 q - a scroll of fog {unknown}
 s - 2 scrolls of enchant weapon
 w - a scroll of fear
 x - 4 scrolls of immolation
 z - 5 scrolls of teleportation
 A - 2 scrolls of noise
 J - a scroll of vulnerability {unknown}
 M - 2 scrolls of identify
 N - 3 scrolls of magic mapping
Potions
 c - 5 potions of mutation {unknown}
 d - a potion of attraction {unknown}
 e - a potion of brilliance {unknown}
 f - 8 potions of curing
 g - 5 potions of resistance {unknown}
 h - 6 potions of degeneration {unknown}
 i - 5 potions of heal wounds {unknown}
 j - 3 potions of lignification {unknown}
 p - 2 potions of might {unknown}
 r - 2 potions of haste {unknown}
 t - a potion of ambrosia {unknown}
 B - 2 potions of flight {unknown}
Miscellaneous
 n - a phantom mirror
 L - a condenser vane


   Skills:
 * Level 9.9 Fighting
 * Level 15.0 Axes
 + Level 8.3 Armour
 * Level 7.1 Dodging
 + Level 0.6 Stealth
 * Level 5.7 Evocations


You had 10 spell levels left.
You didn't know any spells.
Your spell library was empty.

Dungeon Overview and Level Annotations

Branches:
Dungeon (10/15)            Temple (0/1) D:7         Ossuary (visited)
 Bailey (visited)
   Lair: D:8-11         Orc: D:9-12

Altars:
Ashenzari
Cheibriados
Dithmenos
Elyvilon
Fedhas
Kikubaaqudgha
Nemelex Xobeh
Qazlal
Ru
Uskayaw
Wu Jian
Xom
Zin

Shops:
D:2 [:?


Innate Abilities, Weirdness & Mutations

You have a pair of horns on your head.
You reflexively headbutt those who attack you in melee.


Message History

You barely miss the meliai.
The meliai is heavily wounded.
You feel sick. The meliai hits you but does no damage.
The meliai stings you but does no damage.
The meliai calls upon its god to heal the meliai.
The meliai is healed somewhat.
Unknown command.
You closely miss the meliai. Your headbutt misses the meliai.
The meliai is lightly wounded.
You feel sick.
The meliai invokes the aid of its god against you.
Something smites you!
* * * LOW HITPOINT WARNING * * *
The meliai calls down the wrath of its god upon you.
Something smites you!
* * * LOW HITPOINT WARNING * * *
You barely miss the meliai. Your headbutt misses the meliai.
The meliai is lightly wounded.
You feel sick. The meliai barely misses you. You furiously retaliate!
You headbutt the meliai!! The meliai stings you.
* * * LOW HITPOINT WARNING * * *
You closely miss the meliai.
The meliai is almost dead.
You feel sick. The meliai misses you. The meliai completely misses you.
Unknown command.
You carve the meliai like a ham!!!
You kill the meliai!
Trog accepts your kill.
You feel sick. The meliai hits you with a +0 hand axe!
* * * LOW HITPOINT WARNING * * *
The meliai closely misses you.
You feel sick.
You feel a strong urge to attack something.
The meliai invokes the aid of its god against you.
Something smites you!
* * * LOW HITPOINT WARNING * * *
There is a stone staircase leading up here.
* * * LOW HITPOINT WARNING * * *
You feel sick. The meliai hits you with a +0 hand axe.
You die...

#..#.....##. #.###.....#.
#.# ##..8..# ###
##.####.....# ....
#............ .....
#............ ......####
#............ ......yy.##
#...<........
......##@.###......?.....
..... ##...'...........#
##+# #####........8..#
#......)...##
####+.....## #....###
##..## ######'####
#.........#


You could see 2 meliai.

Vanquished Creatures
  A two-headed ogre (D:10)
  2 orc knights (Bailey)
  The ghost of styxcanada the Covert, a novice SpBr of Gozag (D:8)
  An ugly thing (D:8)
  Maurice (D:8)
  Joseph (D:7)
  2 trolls
  2 polar bears (D:10)
  A meliai (D:10)
  3 shadows
  A vampire (D:9)
  4 yaks (D:10)
  The ghost of nonceun the Chopper, an amateur MiBe of Trog (D:3)
  A steam dragon (D:6)
  3 acid dragons
  Duvessa (D:7)
  2 water moccasins
  6 ice beasts
  A meliai simulacrum (D:10)
  4 black bears
  4 orc warriors
  A sky beast (D:6)
  5 ogres
  A phantom (D:6)
  4 kobold brigands
  2 bullfrogs (D:8)
  A wyvern zombie (D:5)
  6 water moccasin zombies (Ossuary)
  A scorpion (D:5)
  Dowan (D:7)
  8 killer bees
  4 wights (D:8)
  8 centaur zombies
  3 hounds
  3 jellies
  A centaur skeleton (D:8)
  A gnoll shaman (D:4)
  3 orc priests
  A scorpion zombie (D:3)
  2 iguanas
  Terence (D:3)
  3 orc wizards
  2 killer bee zombies
  2 centaur simulacra
  2 hound skeletons (D:4)
  3 mummies
  A howler monkey zombie (D:8)
  16 gnolls
  6 adders
  A shadow imp (D:8)
  A howler monkey simulacrum (D:8)
  6 white imps
  6 ufetubi
  An adder skeleton (D:4)
  An adder zombie (Ossuary)
  A dart slug (D:4)
  47 orcs
  5 ball pythons
  5 endoplasms
  3 giant cockroaches
  11 goblins
  7 hobgoblins
  12 jackals
  25 kobolds
  2 quokkas
  4 bats
  2 frilled lizards (D:2)
  2 giant cockroach zombies (D:3)
  3 gnoll zombies (Ossuary)
  9 hobgoblin zombies (Ossuary)
  4 kobold zombies (Ossuary)
  4 orc zombies (Ossuary)
  6 rats
303 creatures vanquished.

Vanquished Creatures (others)
  A bullfrog skeleton (D:6)
  A fungus (D:7)
  A withered plant (D:3)
3 creatures vanquished.

Grand Total: 306 creatures vanquished

Notes
Turn   | Place    | Note
-------+----------+-------------------------------------------
     0 | D:1      | cbfl8 the Minotaur Berserker began the quest for the Orb.
     0 | D:1      | Reached XP level 1. HP: 19/19 MP: 0/0
   363 | D:1      | Found a faded altar of an unknown god.
   372 | D:1      | Reached XP level 2. HP: 27/27 MP: 1/1
   598 | D:1      | Reached skill level 4 in Axes
  1166 | D:2      | Found Perchi's Magic Scroll Emporium.
  1171 | D:2      | Reached XP level 3. HP: 34/34 MP: 2/2
  1276 | D:2      | Found Celisch's Antique Armour Shop.
  1529 | D:2      | Reached ** piety under Trog
  1605 | D:2      | Found Leasocvu's Book Emporium.
  1876 | D:3      | Found a runed translucent door.
  1897 | D:3      | Reached XP level 4. HP: 8/41 MP: 3/3
  1933 | D:3      | Noticed Terence
  2352 | D:3      | Killed Terence
  2353 | D:3      | Reached skill level 5 in Axes
  2494 | D:3      | Reached XP level 5. HP: 47/47 MP: 4/4
  2685 | D:3      | Noticed nonceun's ghost (amateur MiBe)
  2791 | D:3      | Reached skill level 1 in Evocations
  2797 | D:3      | Reached skill level 5 in Fighting
  2995 | D:3      | Identified the +1 chain mail of the Wilderness {rPois Str+4
                  | Dex+3 SInv}
  3272 | D:3      | Killed nonceun's ghost
  3273 | D:3      | Reached skill level 6 in Axes
  3273 | D:3      | Reached XP level 6. HP: 56/56 MP: 5/5
  3305 | D:4      | Found a sand-covered staircase.
  3378 | Ossuary  | Entered an ossuary
  3475 | Ossuary  | Reached XP level 7. HP: 48/61 MP: 6/6
  3593 | Ossuary  | Reached *** piety under Trog
  3623 | Ossuary  | Reached skill level 7 in Axes
  3940 | D:4      | Found a broken altar of Ashenzari.
  3959 | D:4      | Found a hide-covered altar of Uskayaw.
  4005 | D:4      | Reached skill level 8 in Axes
  4274 | D:4      | Reached XP level 8. HP: 70/70 MP: 7/7
  4800 | D:5      | Entered Level 5 of the Dungeon
  4814 | D:5      | Found a shimmering altar of Xom.
  4814 | D:5      | Found a shimmering altar of Xom.
  4815 | D:5      | Found a shimmering altar of Xom.
  5024 | D:5      | Reached skill level 5 in Armour
  5030 | D:5      | Reached **** piety under Trog
  5114 | D:5      | Reached skill level 9 in Axes
  5756 | D:5      | Found a blossoming altar of Fedhas.
  6371 | D:2      | Bought a scroll of identify for 24 gold pieces
  6371 | D:2      | Bought a scroll of teleportation for 36 gold pieces
  6375 | D:2      | Bought a scroll of magic mapping for 42 gold pieces
  6478 | D:6      | Found an ornate altar of the Wu Jian Council.
  6550 | D:6      | Reached XP level 9. HP: 78/79 MP: 8/8
  6572 | D:6      | Reached skill level 10 in Axes
  6752 | D:6      | Found an ancient bone altar of Kikubaaqudgha.
  7133 | D:6      | Reached skill level 5 in Dodging
  7506 | D:7      | Noticed Joseph
  7506 | D:7      | Found a staircase to the Ecumenical Temple.
  7513 | D:7      | Killed Joseph
  7514 | D:7      | Reached skill level 11 in Axes
  7698 | D:7      | Noticed Duvessa
  7698 | D:7      | Noticed Dowan
  7708 | D:7      | Killed Duvessa
  7714 | D:7      | Killed Dowan
  8041 | D:7      | Found a white marble altar of Elyvilon.
  8553 | D:8      | Found a runed translucent gate.
  8553 | D:8      | Found a runed translucent gate.
  8553 | D:8      | Found a runed translucent gate.
  8560 | D:8      | Noticed styxcanada's ghost (novice SpBr)
  8568 | D:8      | Found a flagged portal.
  8585 | Bailey   | Entered a bailey
  8903 | Bailey   | Reached ***** piety under Trog
  9073 | Bailey   | Noticed an orc knight
  9225 | Bailey   | Killed an orc knight
  9226 | Bailey   | Reached skill level 12 in Axes
  9226 | Bailey   | Reached XP level 10. HP: 89/89 MP: 9/9
  9340 | Bailey   | Noticed an orc knight
  9350 | Bailey   | Killed an orc knight
  9595 | D:8      | Noticed a cyan ugly thing
  9604 | D:8      | Killed a cyan ugly thing
  9615 | D:8      | Noticed Maurice
  9617 | D:8      | Reached skill level 13 in Axes
  9624 | D:8      | Killed Maurice
  9955 | D:8      | Found a stormy altar of Qazlal.
 10201 | D:8      | Found the +2 ratskin cloak {*Rats rPois rN+ Str-1 Int-1
                  | Dex+1}
 10614 | D:8      | Killed styxcanada's ghost
 10683 | D:9      | Reached skill level 5 in Evocations
 10749 | D:9      | Found a shadowy altar of Dithmenos.
 10938 | D:9      | Reached skill level 14 in Axes
 10938 | D:9      | Reached XP level 11. HP: 90/97 MP: 10/10
 10943 | D:9      | Identified the +0 chain mail of Zeram {rF++ Int-3}
 11170 | D:9      | Found a snail-covered altar of Cheibriados.
 11259 | D:9      | Found a sacrificial altar of Ru.
 11316 | D:10     | Entered Level 10 of the Dungeon
 11379 | D:10     | Found a glowing silver altar of Zin.
 11474 | D:10     | Found a sparkling altar of Nemelex Xobeh.
 11766 | D:10     | Noticed a two-headed ogre
 11775 | D:10     | Killed a two-headed ogre
 11776 | D:10     | Reached skill level 15 in Axes
 11834 | D:10     | HP: 4/148 [meliai/divine providence (12)]
 11835 | D:10     | Slain by a meliai

Illustrated notes

Levels and vault maps discovered:
D:1:      lemuel_arrival_muddy, layout_basic, basic_ecumenical_altar,
          minmay_tree_intersection
D:2:      layout_loops_ring, serial_shops, nicolae_shop_hallway_stairs, shop,
          nicolae_shop_window_shopping
D:3:      layout_basic, serial_undead, serial_undead_c, serial_undead_f,
          serial_undead_d, serial_undead_f, gammafunk_ghost_grave, uniq_terence
D:4:      layout_cave_pools, mainiacjoe_overflow_six_doors_small,
          eat_drink_and_be_merry_uskayaw, serial_column_ruins,
          column_ruins_pillar_2, column_ruins_pillar_7, column_ruins_pillar_10,
          column_ruins_pillar_3, column_ruins_pillar_6, column_ruins_pillar_2,
          column_ruins_pillar_3, column_ruins_pillar_2, column_ruins_pillar_1,
          column_ruins_pillar_8, column_ruins_pillar_1, enter_ossuary_1,
          kennysheep_nub, kennysheep_potato
D:5:      layout_basic, xom_redecorated, mainiacjoe_overflow_alcove_1,
          minmay_misc_feat_hallway, hex_medium, kennysheep_dice
D:6:      corexii_shack_village, layout_loops_ring,
          mainiacjoe_overflow_concentric_impassable, old_standard_altar
D:7:      nicolae_BIG_FREAKIN_CUBE, layout_loops_ring, elyvilon_altar_1,
          serial_bayou_pond_a, uniq_joseph, uniq_duvessa
D:8:      layout_basic, mainiacjoe_overflow_small_starburst,
          gammafunk_ghost_necromancy, enter_bailey_3, grunt_ministairs_8,
          minmay_misc_feat_iff, hangedman_decor_growths, minmay_microvault,
          uniq_maurice
D:9:      layout_roguey, slow_altar_2, nicolae_ru_path_of_blood,
          mainiacjoe_overflow_chevrons
D:10:     layout_roguey [special_room_bee], general_overflow_altar,
          mainiacjoe_overflow_brackets, serial_ice, serial_ice_o, serial_ice_f,
          serial_ice_i, serial_ice_c

Skill      XL: |  1  2  3  4  5  6  7  8  9 10 11 |
---------------+----------------------------------+-----
Fighting       | 4 5 6 7 8 9 |  9.9
Axes           | 4 5 6 8 9 12 14 15 | 15.0
Armour         | 3 4 5 7 8 |  8.3
Evocations     | 1 2 3 4 5 |  5.7
Dodging        | 3 4 5 6 7 |  7.1
Stealth        | |  0.6

Action                   |  1- 3 |  4- 6 |  7- 9 | 10-12 || total
-------------------------+-------+-------+-------+-------++-------
Melee: Hand axe          |    74 |    79 |   369 |       ||   522
       Headbutt          |    13 |    17 |    92 |    40 ||   162
       Punch             |     1 |       |     6 |       ||     7
       War axe           |       |       |    45 |    15 ||    60
       Battleaxe         |       |       |       |   168 ||   168
Invok: Berserk           |       |     5 |     6 |     4 ||    15
  Use: Scroll            |       |       |     6 |     2 ||     8
Armor: Animal skin       |     2 |       |       |       ||     2
       Leather armour    |    12 |       |       |       ||    12
       Scale mail        |     9 |    15 |       |       ||    24
       Chain mail        |       |    21 |   208 |   138 ||   367
Dodge: Dodged            |    34 |    45 |   202 |   171 ||   452
       Repelled          |       |       |       |     3 ||     3
